 Dungeon Crawl Stone Soup version 0.21-a0-380-gd65dc97 (webtiles) character file.

1890 Jannitor the Magician (level 9, -5/71 HPs)
             Began as a Gnoll Skald on Oct 18, 2017.
             Was a Priest of Cheibriados.
             Slain by an orc warrior
             ... wielding a +1 halberd of chopping
              (19 damage)
             ... on level 6 of the Dungeon.
             The game lasted 00:13:52 (5118 turns).

Jannitor the Magician (Gnoll Skald)                 Turns: 5118, Time: 00:13:53

Health: -5/71      AC:  4    Str: 20    XL:     9   Next: 15%
Magic:  10/18      EV: 17    Int: 24    God:    Cheibriados [***...]
Gold:   33         SH:  0    Dex: 21    Spells: 0/20 levels left

rFire    . . .     SeeInvis .   a - +0 spear
rCold    + . .     Gourm    .   (no shield)
rNeg     . . .     Faith    .   b - +0 leather armour
rPois    .         Spirit   .   (no helmet)
rElec    .         Reflect  .   (no cloak)
rCorr    .         Harm     .   (no gloves)
MR       .....                  (no boots)
Stlth    +++.......             (no amulet)
HPRegen  1.21/turn              e - ring of protection from cold
MPRegen  0.16/turn              (no ring)

@: regenerating, very slow
A: distributed training, fangs 1, rugged brown scales 1, strong nose
a: Bend Time, Temporal Distortion, Renounce Religion


You were on level 6 of the Dungeon.
You worshipped Cheibriados.
Cheibriados was most pleased with you.
You were not hungry.

You visited 1 branch of the dungeon, and saw 7 of its levels.

You collected 272 gold pieces.
You spent 239 gold pieces at shops.

Inventory:

Hand Weapons
 a - a +0 spear (weapon)
Armour
 b - a +0 leather armour (worn)
Jewellery
 e - a ring of protection from cold (left hand)
 s - an uncursed ring of wizardry {unknown}
Scrolls
 f - a scroll of teleportation
 i - a scroll of identify
 j - a scroll of enchant armour
 k - a scroll of remove curse
 o - 2 scrolls of enchant weapon
 p - a scroll of fear
Potions
 l - 2 potions of brilliance
 n - a potion of lignification {unknown}
Books
 c - a book of Battle

   Spells                             Type                      Level
   a - Infusion                       Charms                       1
   b - Shroud of Golubria             Charms/Translocation         2
   c - Song of Slaying                Charms                       2
   d - Spectral Weapon                Hexes/Charms                 3
   e - Regeneration                   Charms/Necromancy            3
 m - a book of Misfortune

   Spells                             Type                      Level
   a - Confusing Touch                Hexes                        1
   b - Confuse                        Hexes                        3
   c - Gell's Gravitas                Translocation                3
   d - Petrify                        Transmutation/Earth          4
   e - Metabolic Englaciation         Hexes/Ice                    5
   f - Yara's Violent Unravelling     Hexes/Transmutation          5
 q - a book of Geomancy

   Spells                             Type                      Level
   a - Sandblast                      Earth                        1
   b - Passwall                       Transmutation/Earth          2
   c - Stone Arrow                    Conjuration/Earth            3
   d - Petrify                        Transmutation/Earth          4
   e - Lee's Rapid Deconstruction     Earth                        5
Comestibles
 d - 3 bread rations
 g - 2 meat rations
 h - a royal jelly
 r - a chunk of flesh


   Skills:
 + Level 6.1 Fighting
 + Level 3.9 Short Blades
 + Level 3.9 Long Blades
 + Level 3.9 Axes
 + Level 3.9 Maces & Flails
 + Level 6.1 Polearms
 + Level 3.9 Staves
 + Level 3.9 Slings
 + Level 3.9 Bows
 + Level 3.9 Crossbows
 + Level 3.9 Throwing
 + Level 4.7 Armour
 + Level 6.1 Dodging
 + Level 3.9 Stealth
 + Level 3.9 Shields
 + Level 3.9 Unarmed Combat
 + Level 6.4 Spellcasting
 + Level 3.2 Conjurations
 + Level 3.2 Hexes
 + Level 6.4 Charms
 + Level 3.2 Summonings
 + Level 3.2 Necromancy
 + Level 3.2 Translocations
 + Level 3.2 Transmutations
 + Level 3.2 Fire Magic
 + Level 3.2 Ice Magic
 + Level 3.2 Air Magic
 + Level 3.2 Earth Magic
 + Level 3.2 Poison Magic
 + Level 4.2 Invocations
 + Level 3.9 Evocations


You couldn't memorise any spells.
You knew the following spells:

 Your Spells              Type           Power        Failure   Level  Hunger
a - Infusion              Chrm           ####         1%          1    None
b - Song of Slaying       Chrm           #####...     1%          2    None
c - Shroud of Golubria    Chrm/Tloc      ####......   1%          2    None
d - Regeneration          Chrm/Necr      ####......   3%          3    None
e - Spectral Weapon       Hex/Chrm       ####....     3%          3    None
f - Petrify               Tmut/Erth      ###.....     24%         4    ###....
g - Yara's Violent Unrav  Hex/Tmut       ###.......   54%         5    #####..


Dungeon Overview and Level Annotations

Branches:
Dungeon (7/15)
 Temple: D:4-7

Altars:
Cheibriados
Trog
Xom
The Shining One

Shops:
D:5 ?

Annotations:
D:4 Dowan


Innate Abilities, Weirdness & Mutations

Your experience applies equally to all skills.
You have very sharp teeth.
Your uncanny sense of smell can sniff out nearby items.
You are partially covered in rugged brown scales. (AC +1, +3% HP)


Message History

The flow of time bends around you.
Cheibriados rebukes the orc.
The orc seems to slow down.
Cheibriados rebukes the orc priest.
The orc priest seems to slow down.
Cheibriados rebukes your spectral weapon.
Your spectral weapon seems to slow down.
You feel slightly more hungry. The orc misses you.
You hit the orc priest.
The orc priest is moderately wounded.
Your spectral weapon hits the orc priest but does no damage.
The orc warrior hits you from afar with a halberd of chopping!!
The orc priest calls down the wrath of Beogh upon you.
Beogh smites you!
* * * LOW HITPOINT WARNING * * *
You closely miss the orc priest. You bite the orc priest.
The orc priest is heavily wounded.
Your spectral weapon hits the orc priest from afar.
The orc warrior hits you from afar with a halberd of chopping!!
You die...

∆
#..#...##...####.###.
#............###.....
#....................
#....................
##...................
##...................
#....................
#....................
#...@?.(.............
#..(oo...............
#..o<)...............
#...............#####
#...............###
#..$.........>....##
#..................#
....###'##....##..###
##### #..#..##...#


You could see an orc warrior, an orc priest, an orc and a friendly spectral
spear.

Vanquished Creatures
  The ghost of Gunzzzzmaster the Cleaver, a novice HOMo (D:4)
  Sigmund (D:2)
  A phantom (D:4)
  2 eyes of draining (D:3)
  A sky beast (D:5)
  2 centaurs (D:5)
  2 ogres
  A bullfrog (D:6)
  2 hounds
  2 crimson imps
  6 orc priests (D:4)
  A jelly (D:6)
  3 iguanas
  3 orc wizards (D:4)
  A worker ant (D:3)
  7 adders
  A gnoll (D:3)
  2 adder skeletons (D:5)
  A dart slug (D:1)
  2 leopard geckos (D:4)
  15 orcs
  A ball python (D:1)
  8 bats
  3 giant cockroaches
  10 goblins
  6 hobgoblins
  8 jackals
  2 quokkas
  6 frilled lizards
  4 kobolds
  A leopard gecko zombie (D:5)
  A quokka zombie (D:5)
  6 rats
113 creatures vanquished.

Notes
Turn   | Place    | Note
-------+----------+-------------------------------------------
     0 | D:1      | Jannitor the Gnoll Skald began the quest for the Orb.
     0 | D:1      | Reached XP level 1. HP: 20/20 MP: 6/6
    67 | D:1      | Reached XP level 2. HP: 26/26 MP: 7/7
   230 | D:1      | Reached XP level 3. HP: 28/31 MP: 0/9
   310 | D:1      | Found a snail-covered altar of Cheibriados.
   324 | D:1      | Reached skill level 5 in Spellcasting
   334 | D:1      | Became a worshipper of Cheibriados the Contemplative
   664 | D:2      | Reached skill level 1 in Invocations
   842 | D:2      | Found a faded altar of an unknown god.
   929 | D:2      | Reached * piety under Cheibriados
   929 | D:2      | Reached skill level 1 in Short Blades
   929 | D:2      | Reached skill level 1 in Long Blades
   929 | D:2      | Reached skill level 1 in Axes
   929 | D:2      | Reached skill level 1 in Maces & Flails
   929 | D:2      | Reached skill level 1 in Staves
   929 | D:2      | Reached skill level 1 in Slings
   929 | D:2      | Reached skill level 1 in Bows
   929 | D:2      | Reached skill level 1 in Crossbows
   929 | D:2      | Reached skill level 1 in Throwing
   929 | D:2      | Reached skill level 1 in Stealth
   929 | D:2      | Reached skill level 1 in Shields
   929 | D:2      | Reached skill level 1 in Unarmed Combat
   929 | D:2      | Reached skill level 1 in Evocations
   929 | D:2      | Reached XP level 4. HP: 34/38 MP: 6/11
   973 | D:2      | Learned a level 2 spell: Song of Slaying
   976 | D:2      | Learned a level 2 spell: Shroud of Golubria
   980 | D:2      | Learned a level 3 spell: Regeneration
   984 | D:2      | Learned a level 3 spell: Spectral Weapon
  1114 | D:2      | Noticed Sigmund
  1130 | D:2      | Killed Sigmund
  1130 | D:2      | Reached skill level 1 in Conjurations
  1130 | D:2      | Reached skill level 1 in Hexes
  1130 | D:2      | Reached skill level 1 in Summonings
  1130 | D:2      | Reached skill level 1 in Necromancy
  1130 | D:2      | Reached skill level 1 in Translocations
  1130 | D:2      | Reached skill level 1 in Transmutations
  1130 | D:2      | Reached skill level 1 in Fire Magic
  1130 | D:2      | Reached skill level 1 in Ice Magic
  1130 | D:2      | Reached skill level 1 in Air Magic
  1130 | D:2      | Reached skill level 1 in Earth Magic
  1130 | D:2      | Reached skill level 1 in Poison Magic
  1130 | D:2      | Reached XP level 5. HP: 31/43 MP: 8/12
  1561 | D:3      | Noticed an eye of draining
  1562 | D:3      | Noticed an eye of draining
  1569 | D:3      | Reached XP level 6. HP: 44/50 MP: 8/13
  1570 | D:3      | Found a bloodstained altar of Trog.
  1583 | D:3      | Killed an eye of draining
  1583 | D:3      | Reached skill level 5 in Fighting
  1583 | D:3      | Reached skill level 5 in Polearms
  1583 | D:3      | Reached skill level 5 in Dodging
  1593 | D:3      | Killed an eye of draining
  1931 | D:3      | Reached XP level 7. HP: 51/56 MP: 12/15
  2427 | D:4      | Reached ** piety under Cheibriados
  2762 | D:4      | Noticed Dowan
  2881 | D:4      | Noticed Gunzzzzmaster's ghost (novice HOMo)
  3373 | D:4      | Killed Gunzzzzmaster's ghost
  3373 | D:4      | Reached XP level 8. HP: 63/63 MP: 6/16
  3862 | D:5      | Entered Level 5 of the Dungeon
  3916 | D:5      | Gained mutation: You are partially covered in rugged brown scales. (AC +1, +3% HP) [mutagenic meat]
  4349 | D:5      | Found a shimmering altar of Xom.
  4368 | D:5      | Reached *** piety under Cheibriados
  4477 | D:5      | Reached XP level 9. HP: 71/71 MP: 14/18
  4602 | D:5      | Found Eseof's Magic Scroll Shop.
  4605 | D:5      | Bought a scroll of enchant armour for 97 gold pieces
  4605 | D:5      | Bought a scroll of enchant weapon for 97 gold pieces
  4605 | D:5      | Bought a scroll of fear for 45 gold pieces
  4651 | D:5      | Learned a level 4 spell: Petrify
  4657 | D:5      | Learned a level 5 spell: Yara's Violent Unravelling
  4962 | D:6      | Found a glowing golden altar of the Shining One.
  5118 | D:6      | Slain by an orc warrior

Vault maps used:
D:1:      minmay_arrival_doors, st_stairs_14, cheibriados_altar_1
D:2:      chequers_ecumenical_altar_grove, uniq_sigmund
D:3:      trog_eyes_of_draining
D:4:      uniq_duvessa
D:5:      basic_altar, serial_shops, kennysheep_mini_moat, first_bread
D:6:      minmay_klotski, lemuel_doored_altar, minivault_4,
          lightli_corner_chamber
D:7:      minmay_temple_entry_statues_fountains, serial_shops, shop_statue,
          the_bakery

Skill      XL: |  1  2  3  4  5  6  7  8  9 |
---------------+----------------------------+-----
Spellcasting   | 5 6 |  6.4
Invocations    | 1 2 3 4 |  4.2
Short Blades   | 1 2 3 |  3.9
Long Blades    | 1 2 3 |  3.9
Axes           | 1 2 3 |  3.9
Maces & Flails | 1 2 3 |  3.9
Staves         | 1 2 3 |  3.9
Slings         | 1 2 3 |  3.9
Bows           | 1 2 3 |  3.9
Crossbows      | 1 2 3 |  3.9
Throwing       | 1 2 3 |  3.9
Stealth        | 1 2 3 |  3.9
Shields        | 1 2 3 |  3.9
Unarmed Combat | 1 2 3 |  3.9
Evocations     | 1 2 3 |  3.9
Armour         | 3 4 |  4.7
Conjurations   | 1 2 3 |  3.2
Hexes          | 1 2 3 |  3.2
Summonings     | 1 2 3 |  3.2
Necromancy     | 1 2 3 |  3.2
Translocations | 1 2 3 |  3.2
Transmutations | 1 2 3 |  3.2
Fire Magic     | 1 2 3 |  3.2
Ice Magic      | 1 2 3 |  3.2
Air Magic      | 1 2 3 |  3.2
Earth Magic    | 1 2 3 |  3.2
Poison Magic   | 1 2 3 |  3.2
Fighting       | 5 6 |  6.1
Polearms       | 5 6 |  6.1
Dodging        | 5 6 |  6.1
Charms         | 6 |  6.4

Action                   |  1- 3 |  4- 6 |  7- 9 || total
-------------------------+-------+-------+-------++-------
Melee: Spear             |   122 |    75 |   267 ||   464
       Bite              |     8 |    15 |    41 ||    64
       Punch             |       |       |     6 ||     6
 Cast: Infusion          |     4 |       |     4 ||     8
       Spectral Weapon   |       |     4 |    23 ||    27
       Shroud of Golubri |       |     1 |     3 ||     4
       Regeneration      |       |       |     8 ||     8
       Song of Slaying   |       |       |     4 ||     4
Invok: Bend Time         |       |       |     1 ||     1
  Use: Potion            |       |     1 |     2 ||     3
       Scroll            |       |       |     5 ||     5
 Stab: Sleeping          |     3 |     1 |     5 ||     9
       Distracted        |       |     2 |     4 ||     6
  Eat: Chunk             |       |     2 |     7 ||     9
Armor: Leather armour    |    14 |     6 |    15 ||    35
Dodge: Dodged            |    71 |    28 |   121 ||   220

Table legend:
 A = Spawn XP
 B = Non-spawn XP
 C = Spawn XP percentage of total XP
 D = Spawn monster count
 E = Non-spawn monster count
 F = Spawn count percentage of total count
 G = Total turns spent on level
                    A         B        C        D         E        F      G
               +---------+---------+-------+---------+---------+-------+---------
         Total |       0 |    2700 |   0.0 |       0 |     113 |   0.0 |  5118
               +---------+---------+-------+---------+---------+-------+---------
           D:1 |       0 |      49 |   0.0 |       0 |      28 |   0.0 |   525
           D:2 |       0 |     253 |   0.0 |       0 |      19 |   0.0 |  1033
           D:3 |       0 |     339 |   0.0 |       0 |      15 |   0.0 |   777
           D:4 |       0 |    1202 |   0.0 |       0 |      31 |   0.0 |  1527
           D:5 |       0 |     639 |   0.0 |       0 |      15 |   0.0 |  1087
           D:6 |       0 |     168 |   0.0 |       0 |       4 |   0.0 |   135
           D:7 |       0 |      50 |   0.0 |       0 |       1 |   0.0 |    34
               +---------+---------+-------+---------+---------+-------+---------
